 Dungeon Crawl Stone Soup version 0.28.0-53-g5a82cb258f (webtiles) character file.

Game seed: 15696581859691624562

105 Descartes the Sneak (level 4, -3/27 HPs)
             Began as an Octopode Wanderer on June 11, 2022.
             Slain by Blork the orc
             ... wielding a +0 flail
              (5 damage)
             ... on level 3 of the Dungeon.
             The game lasted 00:10:37 (2774 turns).

Descartes the Sneak (Octopode Wanderer)             Turns: 2774, Time: 00:10:38

Health: -3/27      AC:  1    Str: 10    XL:     4   Next: 81%
Magic:  3/6        EV: 13    Int: 16    God:
Gold:   95         SH:  0    Dex: 12    Spells: 2/6 levels left

rFire   . . .      SeeInvis .   a - +0 shortbow
rCold   . . .      Faith    .   (shield currently unavailable)
rNeg    . . .      Spirit   .   (helmet restricted)
rPois   .          Reflect  .   (no amulet)
rElec   .          Harm     .   (no ring)
rCorr   .          Rampage  .   (no ring)
Will    .....                   (no ring)
Stlth   +++.......              (no ring)
HPRegen 0.09/turn               (no ring)
MPRegen 0.10/turn               (no ring)
                                (no ring)
                                (no ring)

@: no status effects
A: almost no armour, amphibious, 8 rings, camouflage 1, gelatinous body 1,
(nimble swimmer 1), tentacles
a: no special abilities


You were on level 3 of the Dungeon.
You visited 1 branch of the dungeon, and saw 4 of its levels.

You collected 95 gold pieces.

Inventory:

Hand Weapons
 a - a +0 shortbow (weapon)
 d - a +0 dagger
Missiles
 b - 15 arrows (quivered ammo)
 c - 8 boomerangs
 e - 25 stones
 i - 6 atropa-tipped darts
 m - 7 sling bullets
Jewellery
 g - an amulet of faith
Scrolls
 f - 2 scrolls of teleportation {unknown}
 j - a scroll of enchant armour {unknown}
 k - a scroll of blinking {unknown}
 o - 3 scrolls of identify {unknown}
 p - a scroll of vulnerability {unknown}
Potions
 h - a potion of magic {unknown}
 l - a potion of resistance {unknown}
 n - a potion of curing {unknown}


   Skills:
 - Level 1.2 Bows
 - Level 3.0 Throwing
 + Level 1.5 Dodging
 * Level 4.1 Stealth
 + Level 1.9 Spellcasting
 + Level 3.5 Ice Magic
 - Level 1.0 Invocations


You had 2 spell levels left.
You knew the following spells:

 Your Spells              Type           Power      Damage    Failure   Level
a - Freeze                Ice            48%        1d7       4%          1
b - Frozen Ramparts       Ice            24%        1d4       16%         3

Your spell library contained the following spells:

 Spells                   Type           Power      Damage    Failure   Level
 Apportation              Tloc           2%         N/A       22%         1
 Ice Form                 Ice/Tmut       7%         N/A       71%         4
 Alistair's Intoxication  Tmut/Pois      0%         N/A       99%         5


Dungeon Overview and Level Annotations

Branches:
Dungeon (4/15)
 Temple: D:4-7

Altars:
Xom

Shops:
D:1 [

Annotations:
D:3 Blork the orc


Innate Abilities, Weirdness & Mutations

You cannot wear most types of armour.
You are amphibious.
You can wear up to eight rings at the same time.
Your skin changes colour to match your surroundings (Stealth+).
Your rubbery body absorbs attacks. (AC +1, EV +1)
((You are camouflaged when in or above water. (Stealth+)))
You have tentacles for arms and can constrict up to eight enemies at once.


Message History

Blork the orc casts a spell at you. The puff of frost misses you.
You shoot an arrow. The arrow barely misses Blork the orc.
Blork the orc mumbles some strange words.
Blork the orc seems to speed up.
You shoot an arrow. The arrow barely misses Blork the orc.
An orc comes into view. It is wielding a +0 whip.
You shoot an arrow. The arrow barely misses Blork the orc.
Blork the orc hits you with a +0 flail! Blork the orc closely misses you. x2
You climb upwards.
There is a stone staircase leading down here.
Casting: Frozen Ramparts (quite dangerous; 16% risk of failure)
Confirm with . or Enter, or press ? or * to list all spells.
Aiming: Freeze (safe; 4% risk of failure)
Press: ? - help, Shift-Dir - straight line, f - Blork the orc
Aim: Blork the orc, wielding a +0 flail and wearing a +1 robe of resistance (moderately wounded, fast)
You freeze Blork the orc.
Blork the orc resists.
Blork the orc is moderately wounded.
Blork the orc hits you with a +0 flail.
Casting: Freeze (safe; 4% risk of failure)
Confirm with . or Enter, or press ? or * to list all spells.
Aiming: Freeze (safe; 4% risk of failure)
Press: ? - help, Shift-Dir - straight line, f/p - Blork the orc
Aim: Blork the orc, wielding a +0 flail and wearing a +1 robe of resistance (moderately wounded, fast)
You freeze Blork the orc.
Blork the orc resists.
Blork the orc is heavily wounded.
Blork the orc gestures at you while chanting.
The magic dart hits you!
* * * LOW HITPOINT WARNING * * *
Blork the orc closely misses you.
Casting: Freeze (safe; 4% risk of failure)
Confirm with . or Enter, or press ? or * to list all spells.
Aiming: Freeze (safe; 4% risk of failure)
Press: ? - help, Shift-Dir - straight line, f/p - Blork the orc
Aim: Blork the orc, wielding a +0 flail and wearing a +1 robe of resistance (heavily wounded, fast)
You freeze Blork the orc.
Blork the orc resists.
Blork the orc is heavily wounded.
Blork the orc hits you with a +0 flail.
You die...

....#...................## #####
.........................#
#####................)...# #
###.........)..........########
#....#.#..............÷........
###.####.................#...#.#.
....###.....................##.##
######...##.............#.#..###.
.## #.#........@......##.##..#..
..####.#..##.....o.##...###..###.
#.........##.......##...##..##.##
##......#.##.......##...###..#.#.
........#..............##.##.....
##.................##...#.#..####
##.................##)#.....†.#
....................#..######.#
##............#####....######.###


You could see Blork the orc (fast).

Vanquished Creatures
  3 adders
  A worm (D:3)
  4 dart slugs
  5 ball pythons
  9 bats
  8 endoplasms
  A giant cockroach (D:1)
  8 goblins
  7 hobgoblins
  5 jackals
  4 kobolds
  4 rats
59 creatures vanquished.

Notes
Turn   | Place    | Note
-------+----------+-------------------------------------------
     0 | D:1      | Descartes the Octopode Wanderer began the quest for the
                  | Orb.
     0 | D:1      | Descartes set off with the following items: a +0 shortbow,
                  | 21 arrows, 8 boomerangs, a +0 dagger; and the following
                  | spell memorised: Freeze; and the following spells available
                  | to memorise: Frozen Ramparts, Ice Form
     0 | D:1      | Reached XP level 1. HP: 11/11 MP: 2/2
    54 | D:1      | Reached skill level 2 in Stealth
    84 | D:1      | Reached XP level 2. HP: 14/17 MP: 1/3
   658 | D:1      | Reached XP level 3. HP: 21/21 MP: 5/5
   773 | D:1      | Reached skill level 1 in Dodging
   792 | D:1      | Reached skill level 3 in Stealth
   854 | D:1      | Found Estep's Antique Armour Shop.
  1122 | D:2      | Found a faded altar of an unknown god.
  1266 | D:2      | Learned a level 3 spell: Frozen Ramparts
  1493 | D:2      | Reached XP level 4. HP: 27/27 MP: 3/6
  1558 | D:2      | Found a shimmering altar of Xom.
  2404 | D:3      | Reached skill level 4 in Stealth
  2764 | D:4      | Noticed Blork the orc
  2774 | D:3      | Slain by Blork the orc

Illustrated notes

Levels and vault maps discovered:
D:1:      dpeg_arrival_yet_another_circle, layout_basic, serial_shops, shop,
          hangedman_abyss_or_decor_stabs
D:2:      layout_loops_corners, basic_altar,
          shapermc_ecumenical_altar_mp_highgroup
D:3:      layout_rooms, minmay_between
D:4:      layout_basic, lemuel_doored_altar, nemelex_spade_bored_becter,
          corexii_leaking_fountain, uniq_blork_the_orc

Skill      XL: |  1  2  3  4 |
---------------+-------------+-----
Stealth        | 2 3 4 |  4.1
Dodging        | 1 |  1.5
Bows           | |  1.2
Throwing       | |  3.0
Spellcasting   | |  1.9
Ice Magic      | |  3.5
Invocations    | |  1.0

Action                   |  1- 3 |  4- 6 || total
-------------------------+-------+-------++-------
 Fire: Shortbow          |    70 |    61 ||   131
 Cast: Freeze            |    18 |    18 ||    36
       Frozen Ramparts   |       |     1 ||     1
Armor: Skin              |     5 |       ||     5
Dodge: Dodged            |    18 |    11 ||    29
